 Dungeon Crawl Stone Soup version 0.21.1-1-g345015f (webtiles) character file.

84 toffzen the Firebug (level 4, -6/24 HPs)
             Began as a Deep Elf Fire Elementalist on Apr 11, 2018.
             Mangled by a wight
             ... wielding a +5 short sword
              (12 damage)
             ... on level 3 of the Dungeon.
             The game lasted 00:05:29 (2840 turns).

toffzen the Firebug (Deep Elf Fire Elementalist)    Turns: 2840, Time: 00:05:30

Health: -6/24      AC:  2    Str:  5    XL:     4   Next: 23%
Magic:  10/11      EV: 13    Int: 21    God:
Gold:   133        SH:  0    Dex: 15    Spells: 6/10 levels left

rFire    . . .     SeeInvis +   q - +0 short sword (speed)
rCold    . . .     Gourm    .   (no shield)
rNeg     . . .     Faith    .   a - +0 robe
rPois    .         Spirit   .   (no helmet)
rElec    .         Reflect  .   (no cloak)
rCorr    .         Harm     +   (no gloves)
MR       .....                  (no boots)
Stlth    ++........             f - amulet of harm (curse)
HPRegen  0.08/turn              n - ring of see invisible
MPRegen  0.12/turn              (no ring)

@: drained
A: no striking features
a: no special abilities


You were on level 3 of the Dungeon.
You were not hungry.

You visited 1 branch of the dungeon, and saw 3 of its levels.

You collected 133 gold pieces.

Inventory:

Hand Weapons
 d - a +0 spear
 j - a +0 short sword
 q - a +0 short sword of speed (weapon)
Missiles
 p - 16 arrows
 s - 80 stones (quivered)
Armour
 a - a +0 robe (worn)
Jewellery
 f - a cursed amulet of harm (around neck)
 n - a ring of see invisible (left hand)
Scrolls
 e - a scroll of enchant armour {unknown}
 g - a scroll of random uselessness {unknown}
 k - a scroll of teleportation
 l - a scroll of identify
 o - a scroll of fear {unknown}
 t - a scroll of enchant weapon {unknown}
 u - a scroll of fog {unknown}
 v - a scroll of remove curse {unknown}
Potions
 h - a potion of degeneration {unknown}
 i - 2 potions of flight
 m - a potion of cancellation {unknown}
 r - a potion of heal wounds {unknown}
Books
 b - a book of Flames

   Spells                             Type                      Level
   a - Flame Tongue                   Conjuration/Fire             1
   b - Throw Flame                    Conjuration/Fire             2
   c - Conjure Flame                  Conjuration/Fire             3
   d - Inner Flame                    Hexes/Fire                   3
   e - Sticky Flame                   Conjuration/Fire             4
   f - Fireball                       Conjuration/Fire             5
Comestibles
 c - 3 rations
 w - a chunk of flesh


   Skills:
 - Level 2.4(2.1) Dodging
 - Level 2.4(2.1) Stealth
 + Level 3.7(3.4) Spellcasting
 * Level 2.9(2.6) Conjurations
 * Level 4.4(4.0) Fire Magic


You had 6 spell levels left.
You knew the following spells:

 Your Spells              Type           Power        Failure   Level  Hunger
a - Flame Tongue          Conj/Fire      ###..        3%          1    None
b - Conjure Flame         Conj/Fire      ###.....     10%         3    ###....


Dungeon Overview and Level Annotations

Branches:
Dungeon (3/15)

Altars:


Message History

You climb upwards.
There is a stone staircase leading down here.
You start resting.
Your magical contamination has completely faded away.
You start resting.
Magic restored.
You climb downwards.
The wight hits you with an enchanted short sword! x2
You feel drained.
* * * LOW HITPOINT WARNING * * *
There is a stone staircase leading up, spattered with blood here.
Casting: Flame Tongue
Confirm with . or Enter, or press ? or * to list all spells.
Aiming: Flame Tongue
Press: ? - help, Shift-Dir - straight line, f - wight
Aim: a wight, wielding an enchanted short sword and wearing a robe The flame tongue hits the wight.
The wight appears unharmed.
The wight hits you with an enchanted short sword!
Ouch! That really hurt!
You die...

#.......>รท#...#######
#......##[<.........#
#......##########.#.#
#.##.### #.#.# #.##.#
##.#.# #.##.# #[.#.#
#.##.# #.##.# #.##.#
#######.##.# #.##.#
#....@z....#### #.##.#
#.#####...(.(.##
#.[..# #.# #...###..#
#.#### #.# #..##
##.....z# #.# #.#
#...# #....#... ###.#
###.###..### ###..#
....# ##.......# #.#
###.# ##...####.# .#
#.# #.#.#.###. #


You could see a wight.

Vanquished Creatures
  2 adders (D:2)
  A shadow imp (D:3)
  An ooze (D:1)
  2 worms (D:2)
  2 dart slugs (D:1)
  2 leopard geckos
  An orc (D:3)
  8 bats
  4 giant cockroaches
  4 goblins
  4 hobgoblins
  A ball python (D:1)
  6 frilled lizards
  2 kobolds (D:1)
  5 rats (D:1)
45 creatures vanquished.

Notes
Turn   | Place    | Note
-------+----------+-------------------------------------------
     0 | D:1      | toffzen the Deep Elf Fire Elementalist began the quest for the Orb.
     0 | D:1      | Reached XP level 1. HP: 10/10 MP: 6/6
   111 | D:1      | Reached XP level 2. HP: 15/15 MP: 6/8
   949 | D:1      | Reached XP level 3. HP: 19/19 MP: 6/9
   954 | D:1      | Learned a level 3 spell: Conjure Flame
  1110 | D:1      | Reached skill level 4 in Fire Magic
  2037 | D:2      | Reached XP level 4. HP: 24/24 MP: 5/11
  2840 | D:3      | Mangled by a wight

Skill      XL: |  1  2  3 |
---------------+----------+-----
Conjurations   | 2 |  2.9
Fire Magic     | 4 |  4.4
Dodging        | |  2.4
Stealth        | |  2.4
Spellcasting   | |  3.7

Action                   |  1- 3 |  4- 6 || total
-------------------------+-------+-------++-------
Melee: Spear             |     1 |       ||     1
       Short sword       |     3 |       ||     3
Throw: Stone             |       |     2 ||     2
 Cast: Flame Tongue      |    64 |    25 ||    89
       Conjure Flame     |     4 |     2 ||     6
  Use: Scroll            |       |     2 ||     2
  Eat: Chunk             |     3 |     1 ||     4
       Ration            |       |     1 ||     1
Armor: Robe              |     4 |     4 ||     8
Dodge: Dodged            |    16 |     7 ||    23
